AoeStats
← 极地沙尘暴

Arena

507747208Analyzed
1v1 RM · 12d ago on Sep 19, 2026· 32m 15s· 2 players
Game mode
Random Map
Map size
Tiny (2 player)
Population
200
Speed
Normal
Resources
Standard
Victory
Conquest
Starting age
Dark Age
Ending age
Imperial Age
RankedLock teamsTeams togetherTeam positionsShared explorationLock speedFull tech treeHidden civsTurbo modeCheats
Victory
Defeat
🇨🇳 Spanish · China
1444
+19
🇷🇺 Burmese · Russia
1511
-19
极地沙尘暴
10:34 Feudal Age
10:39 Loom
11:25 Loom
14:16 Castle Age
12:52 Double-Bit Axe
23:03 Wheelbarrow
26:53 Imperial Age
25:01 Horse Collar
26:47 Padded Archer Armor
27:22 Bloodlines
27:53 Bow Saw
28:07 Conscription
30:23 Leather Archer Armor
30:09 Murder Holes
the_queen
10:36 Feudal Age
14:53 Castle Age
13:08 Horse Collar
18:27 Gold Mining
18:38 Stone Mining
25:06 Padded Archer Armor
25:34 Loom
29:19 Bloodlines
29:11 Husbandry
Connection lost

Rejoining the realm…

Still unreachable

The connection could not be restored.

Session expired

The server has moved on; the page needs a fresh start.